 Dungeon Crawl Stone Soup version 0.31-a0-986-g5e6e4ef867 (webtiles) character file.

Game seed: 6497203741527365244

69 wildpjah the Ducker (level 4, 0/34 HPs)
             Began as a Merfolk Gladiator on Nov 21, 2023.
             Slain by a gnoll
             ... wielding a +0 halberd
              (7 damage)
             ... on level 3 of the Dungeon.
             The game lasted 00:02:34 (1936 turns).

wildpjah the Ducker (Merfolk Gladiator)             Turns: 1936, Time: 00:02:35

Health: 0/34       AC:  4    Str: 14    XL:     4   Next: 20%
Magic:  4/4        EV: 14    Int:  7    God:
Gold:   103        SH:  0    Dex: 17    Spells: 3/3 levels left

rFire   . . .        a - +0 long sword
rCold   . . .        (no shield)
rNeg    . . .        b - +0 leather armour
rPois   .            c - +0 helmet
rElec   .            (no cloak)
rCorr   .            (no gloves)
SInv    .            (no boots)
Will    .....        (no amulet)
Stlth   ++           (no ring)
HPRegen 0.25/turn    (no ring)
MPRegen 0.09/turn

%: no passive effects
@: no status effects
A: (nimble swimmer 2), mertail
a: no special abilities


You were on level 3 of the Dungeon.
You visited 1 branch of the dungeon, and saw 3 of its levels.

You collected 103 gold pieces.

Inventory:

Hand Weapons
 a - a +0 long sword (weapon)
Missiles
 d - 3 throwing nets (quivered)
 e - a javelin
Armour
 b - a +0 leather armour (worn)
 c - a +0 helmet (worn)
Scrolls
 f - a scroll of blinking {unknown}
 g - a scroll of immolation {unknown}
 h - 4 scrolls of identify {unknown}
 j - 2 scrolls of noise {unknown}
 k - 2 scrolls of teleportation {unknown}
Potions
 i - a potion of enlightenment {unknown}
 l - 2 potions of degeneration {unknown}
 m - a potion of curing {unknown}
 n - a potion of mutation {unknown}


   Skills:
 + Level 2.5 Fighting
 + Level 4.7 Long Blades
 + Level 2.0 Throwing
 + Level 0.5 Armour
 * Level 4.9 Dodging
 + Level 0.6 Stealth


You had 3 spell levels left.
You didn't know any spells.
Your spell library contained the following spells:

 Spells                   Type           Power      Damage    Failure   Level
 Summon Small Mammal      Summ           0%         N/A       52%         1
 Call Canine Familiar     Summ           0%         N/A       87%         3
 Summon Guardian Golem    Hex/Summ       0%         N/A       87%         3


Dungeon Overview and Level Annotations

Branches:
Dungeon (3/15)

Altars:
Elyvilon

Shops:
D:1 =


Innate Abilities, Weirdness & Mutations

((You are very nimble when in or above water. (Stealth+, EV+, Speed+++)))
Your lower body shifts to a powerful aquatic tail in water.


Message History

The gnoll is heavily wounded.
The gnoll barely misses you.
A kobold comes into view. It is wielding a +0 short sword.
The gnoll misses you.
The kobold shouts!
You hit the gnoll.
The gnoll is almost dead.
The gnoll hits you with a +0 club. The gnoll misses you.
The gnoll barely misses you.
The gnoll hits you from afar with a +0 halberd!
You are too injured to fight recklessly!
You are too injured to fight recklessly!
The gnoll barely misses you.
Unknown command.
The gnoll hits you with a +0 halberd. The gnoll closely misses you.
You barely miss the gnoll. The gnoll closely misses you. x2
You closely miss the gnoll. The gnoll closely misses you.
The gnoll hits you with a +0 club.
You hit the gnoll but do no damage.
The gnoll is severely wounded.
The gnoll misses you. The gnoll hits you with a +0 club!
* * * LOW HITPOINT WARNING * * *
You hit the gnoll but do no damage.
The gnoll is severely wounded.
The kobold hits you but does no damage. The gnoll barely misses you.
The gnoll misses you.
You slash the gnoll!
You kill the gnoll!
The kobold hits you with a +0 short sword.
* * * LOW HITPOINT WARNING * * *
The gnoll completely misses you. The kobold closely misses you.
You hit the gnoll.
The gnoll is moderately wounded.
The gnoll completely misses you. The kobold completely misses you.
The gnoll barely misses you.
You barely miss the gnoll.
The gnoll is moderately wounded.
The kobold hits you but does no damage. The gnoll hits you with a +0 halberd!
You die...

#........##.#
####........#
#.......###
######.###.#.#
.......###.#.#
....#..##..#.# ####
.........#.#.# ##...##
....#...###..###.....##
.#.##..## ##.##g@.....#
#. #.## ##).)K.....# .
.... #.##.......# #
.#### #.# ##........ .
#.# ##...###. #.. ####
#. . . ..


You could see a gnoll and a kobold.

Vanquished Creatures
  An adder (D:3)
  2 gnolls (D:3)
  A worm (D:3)
  A dart slug (D:1)
  5 bats
  5 endoplasms (D:2)
  2 giant cockroaches
  4 goblins
  3 hobgoblins
  2 quokkas
  2 frilled lizards
  4 kobolds (D:2)
  3 rats (D:1)
35 creatures vanquished.

Notes
Turn   | Place    | Note
-------+----------+-------------------------------------------
     0 | D:1      | wildpjah the Merfolk Gladiator began the quest for the Orb.
     0 | D:1      | Reached XP level 1. HP: 16/16 MP: 1/1
   245 | D:1      | Found Lailedus's Jewellery Shop.
   280 | D:1      | Reached XP level 2. HP: 23/23 MP: 2/2
   812 | D:2      | Found a white marble altar of Elyvilon.
  1014 | D:2      | Reached XP level 3. HP: 28/28 MP: 3/3
  1744 | D:3      | Found a faded altar of an unknown god.
  1922 | D:3      | Reached XP level 4. HP: 34/34 MP: 4/4
  1936 | D:3      | Slain by a gnoll

Illustrated notes

Levels and vault maps discovered:
D:1:      amcnicky_arrival_flooded_fountain, layout_loops_ring, serial_shops,
          nicolae_shop_tiny_glass, nrook_mini_vaults, roderic_serpentine_path
D:2:      layout_loops_ring, basic_altar
D:3:      layout_loops_corners, shapermc_ecumenical_altar_gd, uniq_grinder

Skill      XL: |  1  2 |
---------------+-------+-----
Long Blades    | 4 |  4.7
Fighting       | |  2.5
Throwing       | |  2.0
Armour         | |  0.5
Dodging        | |  4.9
Stealth        | |  0.6

Action                     |  1- 3 |  4- 6 || total
---------------------------+-------+-------++-------
  Melee: Long sword        |    81 |    11 ||    92
         Punch             |     2 |       ||     2
   Stab: Sleeping          |     1 |       ||     1
 Armour: Leather armour    |    35 |    10 ||    45
  Dodge: Dodged            |    55 |    20 ||    75

Table legend: (Time is in decaauts)
 A = Elapsed time spent in this place.
 B = Non-inter-level travel time spent in this place.
 C = Inter-level travel time spent in this place.
 D = Time resting spent in this place.
 E = Time spent auto-exploring this place.
 F = Levels seen in this place.
 G = Mean time per level.
                   A        B        C        D        E       F      G
               +--------+--------+--------+--------+--------+-----+--------+
         Total |   1952 |   1916 |     36 |      0 |   1647 |   3 |  650.7 |
       Dungeon |   1952 |   1916 |     36 |      0 |   1647 |   3 |  650.7 |
               +--------+--------+--------+--------+--------+-----+--------+

Top non-repeatable levels by time:
     D:2: 774 daAuts
     D:1: 728 daAuts
     D:3: 449 daAuts
